 Dungeon Crawl Stone Soup version 0.19-a0-835-gf140595 (webtiles) character file.

176880 Laraso the Devastator (level 17, -4/111 HPs)
             Began as a Mottled Draconian Ice Elementalist on June 30, 2016.
             Was a High Priest of Vehumet.
             Succumbed to a ghost moth's poison
             ... on level 4 of the Spider Nest.
             The game lasted 02:05:50 (48523 turns).

Laraso the Devastator (DrIE)                       Turns: 48523, Time: 02:05:51

Health: -4/111     AC: 29    Str: 23 (25) XL:     17   Next: 52%
Magic:  5/35       EV: 22    Int: 20 (24) God:    Vehumet [*****.]
Gold:   2359       SH:  0    Dex: 14 (17) Spells: 9 memorised, 5 levels left

rFire  . . .     SeeInvis .     a - staff of cold
rCold  + . .     Gourm    .     (armour unavailable)
rNeg   . . .     Faith    .     g - +1 buckler {AC+3}
rPois  +         Spirit   .     A - +2 hat
rElec  .         Dismiss  .     p - +2 cloak
rCorr  .         Reflect  .     J - +0 pair of gloves "Wuogogon" {Str+7 Int+4}
SustAt .         Harm     .     I - +0 pair of boots
MR     +....                    b - amulet of magic regeneration
Stlth  ++........               X - ring of poison resistance
                                M - ring of wizardry

@: confused, mighty, agile, lethally poisoned (-4 -> -131), icy armour, slow,
somewhat resistant to hostile enchantments, unstealthy
A: breathe sticky flame splash, unfitting armour, stinger 1, mutation resistance
1, cold-blooded, AC +9
a: Breathe Sticky Flame, Renounce Religion


You were on level 4 of the Spider Nest.
You worshipped Vehumet.
Vehumet was extremely pleased with you.
You were not hungry.

You visited 5 branches of the dungeon, and saw 28 of its levels.
You visited the Abyss 1 time.

You collected 3383 gold pieces.
You spent 1024 gold pieces at shops.

Inventory:

Armour
 g - a +1 buckler of protection (worn)
 p - a +2 cloak (worn)
 A - a +2 hat (worn)
 I - a +0 pair of boots (worn)
 J - the +0 pair of gloves "Wuogogon" (worn) {Str+7 Int+4}
   (You acquired it on level 1 of the Lair of Beasts)

   It affects your strength (+7).
   It affects your intelligence (+4).
Magical Staves
 a - an uncursed staff of cold (weapon)
Jewellery
 b - an amulet of magic regeneration (around neck)
 n - an uncursed ring of resist corrosion
 o - an uncursed amulet of dismissal
 H - an uncursed ring of protection from fire
 K - an uncursed ring of magical power
 M - a ring of wizardry (left hand)
 P - the ring "Neavuh" {SustAt rC+ Dex+2}
   (You found it on level 1 of the Orcish Mines)

   [ring of sustain attributes]

   It sustains your strength, intelligence and dexterity.
   It affects your dexterity (+2).
   It protects you from cold.
 X - a ring of poison resistance (right hand)
Wands
 r - a wand of paralysis (15/24)
 w - a wand of iceblast (10/15)
 x - a wand of iceblast (2/15)
 z - a wand of slowing (5/48)
 N - a wand of iceblast (3/15)
 V - a wand of confusion (16/48)
Scrolls
 c - 7 scrolls of recharging
 h - 15 scrolls of remove curse
 L - a scroll of immolation
 U - 2 scrolls of fog
 W - 3 scrolls of identify
Potions
 d - 3 potions of brilliance
 j - 2 potions of cancellation
 l - 3 potions of resistance
 q - 3 potions of might
 R - a potion of agility
Miscellaneous
 y - a fan of gales (inert)
 F - a phial of floods
 G - a crystal ball of energy
Comestibles
 i - 8 bread rations
 k - 11 fruits


   Skills:
 - Level 7.0 Staves
 - Level 7.6 Dodging
 - Level 6.1 Stealth
 - Level 4.5 Shields
 * Level 14.9 Spellcasting
 - Level 15.4 Conjurations
 - Level 2.1 Charms
 - Level 7.9 Summonings
 - Level 15.4 Ice Magic
 - Level 8.0 Evocations


You had 5 spell levels left.
You knew the following spells:

 Your Spells              Type           Power        Failure   Level  Hunger
a - Spellforged Servitor  Conj/Summ      ######....   4%          7    ######.
b - Freezing Cloud        Conj/Ice/Air   ######....   1%          6    #####..
c - Ozocubu's Armour      Chrm/Ice       ######..     1%          3    None
d - Throw Icicle          Conj/Ice       #######.     1%          4    None
f - Mephitic Cloud        Conj/Pois/Air  #####...     1%          3    None
g - Summon Butterflies    Summ           #####...     1%          1    None
j - Regeneration          Chrm/Necr      ###.......   4%          3    None
r - Orb of Destruction    Conj           ######....   1%          7    ######.
v - Bolt of Cold          Conj/Ice       #######...   1%          6    #####..


Dungeon Overview and Level Annotations

Branches:
Dungeon (15/15)            Temple (0/1) D:6            Lair (6/6) D:8
 Shoals (0/4) Lair:2       Spider (4/4) Lair:2        Slime (0/5) Lair:5
    Orc (2/2) D:12            Elf (0/3) Orc:2        Vaults (0/5) D:14
 Depths (0/5) D:15           Hell (1/1)
    Dis: Hell:1         Geh: Hell:1         Coc: Hell:1         Tar: Hell:1

Altars:
Dithmenos
Fedhas
Hepliaklqana
Kikubaaqudgha
Makhleb
Okawaru
Pakellas
Trog
Vehumet
Zin
Beogh
Jiyva

Shops:
D:8 =   D:13 *   Orc:2 %*=(

Portals:
Hell: Lair:6

Annotations:
D:2 Sigmund
D:5 Aak's ghost, novice HOFE
Hell Geryon


Innate Abilities, Weirdness & Mutations

You can spit globs of burning liquid.
You can ignite nearby creatures when you spit burning liquid.
Your weird mottled scales are hard. (AC +9)
Your body does not fit into most forms of armour.
You are cold-blooded and may be slowed by cold attacks.
Your tail ends in a poisonous barb.
You are somewhat resistant to further mutation.


Message History

* * * LOW HITPOINT WARNING * * *
You feel extremely sick.
You take 9 damage, and have 38/111 hp.
Unknown command.
Unknown command.
Okay, then.
* * * LOW HITPOINT WARNING * * *
You feel extremely sick.
Something hits you but does no damage. x2; Something stings you.
* * * LOW HITPOINT WARNING * * *
You are more poisoned.
Something poisons you!
You feel you are being watched by something.
You feel your power leaking away.
* * * LOW MAGIC WARNING * * *
Something hits you but does no damage. Something closely misses you.
Something stings you but does no damage.
You take 13 damage, and have 25/111 hp.
You now have 0/35 mp.
You feel much better.
* * * LOW HITPOINT WARNING * * *
You feel extremely sick.
Something hits you but does no damage. x2
Something stings you but does no damage.
You regained 8 hp, and now have 33/111 hp.
Unknown command.
Unknown command.
Unknown command.
You are confused.
You feel invigorated.
* * * LOW HITPOINT WARNING * * *
You feel extremely sick.
You feel you are being watched by something.
You feel your power leaking away.
* * * LOW MAGIC WARNING * * *
Something hits you but does no damage. Something hits you.
* * * LOW HITPOINT WARNING * * *
You feel dopey. Something barely misses you.
You take 9 damage, and have 24/111 hp.
You now have 0/35 mp.
* * * LOW HITPOINT WARNING * * *
You feel extremely sick. Something hits you but does no damage.
Something hits you.
* * * LOW HITPOINT WARNING * * *
You feel clumsy.
Something stings you but does no damage.
You take 8 damage, and have 16/111 hp.
You regained 6 mp, and now have 6/35 mp.
* * * LOW HITPOINT WARNING * * *
You feel extremely sick. Something closely misses you. Something hits you!
* * * LOW HITPOINT WARNING * * *
Something stings you but does no damage.
You feel you are being watched by something.
You feel your power leaking away.
* * * LOW MAGIC WARNING * * *
Something hits you but does no damage. x2
Something stings you but does no damage.
You take 14 damage, and have 2/111 hp.
You now have 2/35 mp.
Unknown command.
You die...

.≈##≈≈#...≈#≈≈≈#####
...#####≈..≈≈≈≈†≈.^#
#..# #≈...≈##≈. #++#
##≈≈.^≈# ###≈.§###
##.§§≈## #≈≈..§##
####≈≈^§§# ########
#..≈≈§§@≈###
.^##≈≈≈###...###.§§≈##
..≈≈...≈≈##.# ##..^≈#
≈...^....≈## ###.^.≈#
≈...≈##≈.≈#####≈....##
#≈...##....##≈..≈≈≈##
##^....##≈..≈..≈≈###
##...####≈.^≈.###
#...# ###≈###


There were no monsters in sight!

Vanquished Creatures
  Arachne (Spider:2)
  A tengu reaver (D:14)
  Maud (D:13)
  A ghost moth (Spider:1)
  Aizul (Spider:1)
  A stone giant (Orc:1)
  3 entropy weavers (Spider:3)
  A dire elephant (Lair:6)
  2 spark wasps
  Snorg (Orc:2)
  An ettin (D:15)
  Harold (D:12)
  4 vault guards (D:14)
  9 hydras
  A centaur warrior (D:13)
  4 ogre magi
  A tengu warrior (D:13)
  2 catoblepae
  8 death yaks
  Urug (D:13)
  A sun demon (Lair:6)
  2 wretched stars (Abyss:2)
  A wizard (Lair:6)
  A death drake (Abyss:2)
  4 unseen horrors
  A deep troll (D:15)
  2 orc knights (Orc:1)
  5 hill giants
  17 ugly things
  3 griffons
  33 wolf spiders
  12 orb spiders
  An orc sorcerer (Orc:1)
  2 hornets
  5 manticores
  6 cyclopes
  A manticore (shapeshifter) (D:14)
  A centaur zombie (D:7)
  5 elephants
  A moth of wrath (Spider:1)
  3 black mambas
  2 smoke demons
  4 gargoyles
  3 torpor snails
  11 spiny frogs
  4 orange demons
  3 rime drakes
  11 demonic crawlers
  2 freezing wraiths
  5 ice devils (Lair:6)
  3 ancient zymes (Abyss:2)
  7 komodo dragons
  3 hellwings
  8 meliai
  34 jumping spiders
  A red devil (Lair:6)
  2 queen bees
  4 trolls
  10 two-headed ogres
  Prince Ribbit (D:7)
  2 raiju (Abyss:2)
  2 boulder beetles
  6 blink frogs
  A shadow (D:11)
  A vampire (D:15)
  2 wraiths
  72 redbacks
  32 tarantellas
  33 yaks
  A ynoxinul (Abyss:2)
  3 fire bats (Abyss:2)
  5 wyverns
  2 fire elementals (Spider:1)
  A neqoxec (Abyss:2)
  Grum (Lair:1)
  4 hogs (D:13)
  A steam dragon (D:8)
  15 hippogriffs
  A hungry ghost (D:9)
  2 basilisks (D:8)
  4 vampire mosquitoes (D:15)
  Menkaure (D:5)
  3 mottled dragons
  3 wargs
  2 hell hounds
  13 porcupines
  15 water moccasins
  3 large abominations (Abyss:2)
  2 sky beasts
  A wasp (D:13)
  4 phantoms
  25 orc warriors
  An eye of draining (shapeshifter) (Abyss:2)
  A black bear (Lair:4)
  3 ice beasts
  14 ogres
  2 eyes of draining
  14 centaurs
  8 wolves (Lair:1)
  8 small abominations (Abyss:2)
  18 crocodiles
  2 big kobolds (D:13)
  17 giant frogs
  4 wyvern zombies
  A gnoll sergeant (D:7)
  7 scorpions
  2 wyvern skeletons (D:14)
  52 killer bees
  7 wights
  6 howler monkeys
  2 electric eels
  6 crimson imps
  2 giant frog zombies
  6 starcursed masses (Abyss:2)
  A quasit (D:13)
  8 centaur skeletons
  3 jellies
  12 orc priests
  8 hounds
  A gnoll shaman (Orc:1)
  23 orc wizards
  3 giant frog skeletons
  10 iguanas
  A killer bee zombie (D:8)
  16 worker ants
  5 sheep
  A hound zombie (D:8)
  2 hound skeletons
  A mummy (D:5)
  A worker ant zombie (D:6)
  Robin (D:3)
  11 gnolls
  14 adders
  53 river rats
  2 shadow imps (D:9)
  An ooze (D:4)
  An adder zombie (D:7)
  2 adder skeletons (D:8)
  6 worms
  4 giant geckos
  54 orcs
  4 bats
  7 giant cockroaches
  10 goblins
  11 hobgoblins
  3 jackals (D:10)
  4 quokkas
  3 ball pythons
  A giant gecko skeleton (D:6)
  5 giant newts
  18 kobolds
  8 rats
  A lurking horror (Abyss:2)
  A plant (Spider:3)
1037 creatures vanquished.

Vanquished Creatures (collateral kills)
  Rupert (D:12)
  A tentacled starspawn (Abyss:2)
  The ghost of splatman the Eclecticist, an adept DsWz of Hepliaklqana (Spider:3)
  Kirke (D:13)
  2 orc warlords
  2 emperor scorpions
  Azrael (Spider:1)
  A dire elephant (Lair:6)
  An ettin (Orc:2)
  2 ogre magi (Orc:2)
  An orc high priest (Orc:1)
  2 death yaks (Lair:2)
  A sun demon (Abyss:2)
  A wretched star (Abyss:2)
  A large abomination (Abyss:2)
  4 wolf spiders
  An ugly thing (D:14)
  An orb spider (Spider:1)
  A cyclops (D:14)
  A guardian serpent (Abyss:2)
  A centaur zombie (D:10)
  2 smoke demons (Abyss:2)
  A rust devil (Abyss:2)
  3 spiny frogs
  A freezing wraith (Abyss:2)
  A komodo dragon (Lair:6)
  4 demonic crawlers
  A meliai (Spider:3)
  10 jumping spiders
  10 two-headed ogres (Orc:2)
  A blink frog (Lair:3)
  3 raiju (Abyss:2)
  4 tarantellas
  15 redbacks
  22 yaks
  A fire bat (Abyss:2)
  A fire elemental (Spider:1)
  A hippogriff (Lair:5)
  A warg (Orc:2)
  2 hell hounds
  2 water moccasins
  2 porcupines (Lair:2)
  8 orc warriors
  A wasp (Spider:1)
  A wolf (Lair:1)
  9 ogres (Orc:2)
  A crocodile (Lair:3)
  A big kobold (D:10)
  5 killer bees
  5 orc priests
  An iron imp (Abyss:2)
  8 orc wizards
  23 river rats
  3 worms
  7 orcs
  3 kobolds (D:10)
  2 rats (D:8)
  A fungus (Lair:2)
  A plant (Lair:2)
196 creatures vanquished.

Vanquished Creatures (others)
  A redback (Spider:4)
  2 large abominations (Abyss:2)
  A wyvern (Lair:4)
  2 humans (D:13)
  An ogre (Orc:2)
  4 bushes (D:8)
  22 fungi
  A lurking horror (Abyss:2)
  41 plants
  4 starspawn tentacles (Abyss:2)
79 creatures vanquished.

Grand Total: 1312 creatures vanquished

Notes
Turn   | Place    | Note
--------------------------------------------------------------
     0 | D:1      | Laraso the Draconian Ice Elementalist began the quest for the Orb.
     0 | D:1      | Reached XP level 1. HP: 14/14 MP: 3/3
   510 | D:1      | Reached XP level 2. HP: 20/20 MP: 5/5
   905 | D:2      | Learned a level 2 spell: Throw Frost
  1466 | D:2      | HP: 7/20 [worm (9)]
  1502 | D:1      | Reached skill level 2 in Conjurations
  1737 | D:2      | Noticed Sigmund
  1824 | D:2      | Reached XP level 3. HP: 22/26 MP: 7/7
  1828 | D:2      | Found an oddly glowing altar of Pakellas.
  2173 | D:3      | Reached skill level 3 in Conjurations
  2290 | D:3      | Reached XP level 4. HP: 33/33 MP: 3/8
  2340 | D:3      | Found a hazy altar of Hepliaklqana.
  2341 | D:3      | Found an iron altar of Okawaru.
  2360 | D:3      | Found a burning altar of Makhleb.
  2507 | D:3      | Found a radiant altar of Vehumet.
  2571 | D:3      | Became a worshipper of Vehumet
  2833 | D:3      | Noticed Robin
  2890 | D:3      | HP: 11/33 [gnoll/halberd (8)]
  3341 | D:3      | Found an ancient bone altar of Kikubaaqudgha.
  3341 | D:3      | Noticed a human
  3513 | D:3      | Reached skill level 4 in Conjurations
  3532 | D:3      | Reached skill level 3 in Spellcasting
  3536 | D:3      | Reached XP level 5. HP: 30/38 MP: 0/9
  3689 | D:3      | Learned a level 3 spell: Ozocubu's Armour
  3694 | D:3      | Learned a level 4 spell: Throw Icicle
  3969 | D:3      | Killed Robin
  3987 | D:3      | Reached * piety under Vehumet
  3987 | D:3      | Offered knowledge of Sandblast by Vehumet.
  3990 | D:3      | HP: 15/38 [hobgoblin/club[Robin] (4)]
  4297 | D:4      | HP: 14/38 [something/puff of flame (10)]
  4299 | D:4      | Reached skill level 4 in Spellcasting
  4356 | D:3      | Reached XP level 6. HP: 31/45 MP: 0/12
  4609 | D:3      | HP: 17/45 [orc/falchion (8)]
  5125 | D:4      | Reached skill level 4 in Ice Magic
  5403 | D:4      | Reached skill level 1 in Charms
  5403 | D:4      | Your scales start taking on a weird mottled colour.
  5403 | D:4      | Reached XP level 7. HP: 50/50 MP: 7/13
  5650 | D:4      | Reached skill level 2 in Charms
  6161 | D:5      | Entered Level 5 of the Dungeon
  6161 | D:5      | Noticed Aak's ghost (novice HOFE)
  6295 | D:5      | Noticed Menkaure
  6303 | D:5      | Learned a level 4 spell: Summon Ice Beast
  6468 | D:6      | Reached skill level 5 in Ice Magic
  6474 | D:6      | Reached skill level 5 in Conjurations
  6591 | D:6      | Reached XP level 8. HP: 43/57 MP: 10/14
  6797 | D:6      | Reached skill level 6 in Ice Magic
  6866 | D:6      | Reached skill level 6 in Conjurations
  6874 | D:6      | Found a staircase to the Ecumenical Temple.
  6882 | D:6      | Found a blossoming altar of Fedhas.
  7711 | D:6      | Reached skill level 7 in Ice Magic
  7809 | D:5      | HP: 17/57 [??? (14)]
  7814 | D:5      | Killed Menkaure
  7814 | D:5      | Reached skill level 7 in Conjurations
  8516 | D:5      | Reached skill level 1 in Summonings
  8808 | D:5      | Identified a scroll of acquirement
  8867 | D:5      | Found a burning altar of Makhleb.
  8867 | D:5      | Noticed an Executioner
  8870 | D:5      | Noticed a smoke demon
  9080 | D:7      | Reached skill level 2 in Summonings
  9420 | D:7      | Reached XP level 9. HP: 48/62 MP: 16/16
  9440 | D:7      | Reached skill level 5 in Spellcasting
  9591 | D:7      | Offered knowledge of Searing Ray by Vehumet.
  9597 | D:7      | HP: 24/62 [centaur zombie (4)]
  9752 | D:7      | Reached skill level 6 in Spellcasting
  9837 | D:7      | Reached ** piety under Vehumet
 10009 | D:7      | Noticed Prince Ribbit
 10013 | D:7      | Killed Prince Ribbit
 10013 | D:7      | Reached skill level 7 in Spellcasting
 10556 | D:8      | Reached skill level 8 in Spellcasting
 10759 | D:7      | Reached skill level 8 in Ice Magic
 10797 | D:8      | HP: 13/62 [yak (17)]
 10819 | D:7      | Offered knowledge of Mephitic Cloud by Vehumet.
 10825 | D:7      | Learned a level 3 spell: Mephitic Cloud
 11091 | D:8      | Reached skill level 8 in Conjurations
 11093 | D:8      | HP: 20/62 [wyvern zombie (16)]
 11094 | D:8      | Reached XP level 10. HP: 22/69 MP: 9/22
 11211 | D:8      | Learned a level 1 spell: Summon Butterflies
 11532 | D:8      | Found a staircase to the Lair.
 11584 | D:8      | HP: 25/69 [yak (10)]
 11589 | D:8      | HP: 22/69 [yak (5)]
 11637 | D:8      | Reached skill level 9 in Ice Magic
 11828 | D:8      | Reached *** piety under Vehumet
 12187 | D:8      | Reached skill level 9 in Conjurations
 12524 | D:8      | Found Johoucy's Jewellery Emporium.
 12540 | D:8      | Bought an uncursed amulet of dismissal for 420 gold pieces
 12621 | D:8      | Noticed a moth of wrath
 12641 | D:8      | Found a bloodstained altar of Trog.
 12655 | D:8      | Offered knowledge of Dazzling Spray by Vehumet.
 12861 | D:8      | Found a glowing silver altar of Zin.
 13298 | D:9      | Reached skill level 10 in Ice Magic
 13872 | D:9      | Reached skill level 10 in Conjurations
 13918 | D:9      | Found a shadowy altar of Dithmenos.
 14024 | D:10     | Entered Level 10 of the Dungeon
 14062 | D:10     | Reached **** piety under Vehumet
 14429 | D:10     | Offered knowledge of Fireball by Vehumet.
 14667 | D:10     | Reached XP level 11. HP: 43/74 MP: 11/23
 15857 | Lair:1   | Entered Level 1 of the Lair of Beasts
 16253 | Lair:1   | Noticed a five-headed hydra
 16256 | Lair:1   | Killed a five-headed hydra
 16289 | Lair:1   | Reached skill level 11 in Ice Magic
 16360 | Lair:1   | Reached skill level 11 in Conjurations
 16428 | Lair:1   | Noticed a seven-headed hydra
 16541 | Lair:1   | HP: 28/74 [seven-headed hydra (7)]
 16784 | Lair:2   | HP: 25/74 [porcupine (9)]
 16785 | Lair:2   | Reached ***** piety under Vehumet
 16790 | Lair:2   | HP: 26/74 [water moccasin (1)]
 16944 | Lair:2   | Found a staircase to the Shoals.
 16963 | Lair:2   | Offered knowledge of Bolt of Cold by Vehumet.
 17140 | Lair:2   | Noticed a death yak
 17148 | Lair:2   | Noticed a death yak
 17153 | Lair:2   | Killed a death yak
 17162 | Lair:2   | HP: 29/74 [poisoned by a water moccasin]
 17164 | Lair:2   | Killed a death yak
 17167 | Lair:2   | HP: 25/74 [poisoned by a water moccasin]
 17172 | Lair:2   | HP: 24/74 [poisoned by a water moccasin]
 17177 | Lair:2   | HP: 23/74 [poisoned by a water moccasin]
 17183 | Lair:2   | HP: 22/74 [poisoned by a water moccasin]
 17191 | Lair:2   | HP: 22/74 [poisoned by a water moccasin]
 17296 | Lair:2   | HP: 25/74 [elephant (5)]
 17540 | Lair:2   | Found a hole to the Spider Nest.
 17795 | Lair:2   | Noticed a four-headed hydra
 18219 | Lair:2   | Reached skill level 12 in Ice Magic
 18388 | Lair:3   | Reached skill level 12 in Conjurations
 18389 | Lair:3   | HP: 21/74 [blink frog (18)]
 18841 | Lair:3   | Reached skill level 2 in Dodging
 18880 | Lair:3   | Reached XP level 12. HP: 81/81 MP: 12/24
 18959 | Lair:3   | Reached skill level 3 in Dodging
 19068 | Lair:3   | Gained mutation: You are somewhat resistant to further mutation. [potion of beneficial mutation]
 19329 | Lair:3   | Noticed a six-headed hydra
 19334 | Lair:3   | Killed a six-headed hydra
 19334 | Lair:3   | Reached skill level 4 in Dodging
 19594 | Lair:4   | Learned a level 6 spell: Bolt of Cold
 19615 | Lair:4   | Noticed a death yak
 19629 | Lair:4   | Noticed a death yak
 19633 | Lair:4   | Killed a death yak
 19637 | Lair:4   | Noticed a death yak
 19686 | Lair:3   | Killed a death yak
 19686 | Lair:3   | Reached skill level 5 in Dodging
 19783 | Lair:3   | Killed a death yak
 19899 | Lair:4   | Reached skill level 6 in Dodging
 20639 | Lair:4   | HP: 31/81 [crocodile (9)]
 20644 | Lair:4   | HP: 28/81 [poisoned by a spiny frog]
 20649 | Lair:4   | HP: 26/81 [poisoned by a spiny frog]
 20654 | Lair:4   | HP: 25/81 [poisoned by a spiny frog]
 20661 | Lair:4   | HP: 25/81 [poisoned by a spiny frog]
 20669 | Lair:4   | HP: 25/81 [poisoned by a spiny frog]
 20805 | Lair:4   | Reached skill level 9 in Spellcasting
 20977 | Lair:5   | Learned a level 3 spell: Regeneration
 21255 | Lair:5   | Found a staircase to the Slime Pits.
 21255 | Lair:5   | Found a viscous altar of Jiyva.
 21304 | Lair:5   | HP: 22/81 [spiny frog (17)]
 21693 | Lair:5   | Reached skill level 10 in Spellcasting
 22644 | Lair:6   | Entered Level 6 of the Lair of Beasts
 22666 | Lair:6   | Noticed a seven-headed hydra
 22677 | Lair:6   | Killed a seven-headed hydra
 22969 | Lair:6   | Reached skill level 11 in Spellcasting
 23101 | Lair:6   | Noticed a six-headed hydra
 23108 | Lair:6   | Killed a six-headed hydra
 23123 | Lair:6   | Reached XP level 13. HP: 57/86 MP: 6/28
 23140 | Lair:6   | HP: 34/86 [poisoned by a black mamba]
 23145 | Lair:6   | HP: 32/86 [poisoned by a black mamba]
 23150 | Lair:6   | HP: 30/86 [poisoned by a black mamba]
 23156 | Lair:5   | HP: 30/86 [poisoned by a black mamba]
 23164 | Lair:5   | HP: 30/86 [poisoned by a black mamba]
 23882 | Lair:6   | HP: 34/86 [death yak (7)]
 24227 | Lair:6   | Reached skill level 12 in Spellcasting
 24513 | Lair:6   | Noticed a dire elephant
 24522 | Lair:6   | Killed a dire elephant
 24768 | Lair:6   | Noticed a dire elephant
 24965 | Lair:6   | Killed a dire elephant
 25085 | Lair:6   | Found a burning altar of Makhleb.
 25532 | Lair:6   | Found a gateway to Hell.
 25540 | Lair:6   | Reached skill level 1 in Shields
 25656 | Lair:6   | Reached skill level 2 in Shields
 25715 | Lair:6   | Reached skill level 3 in Shields
 26186 | Lair:1   | Reached skill level 4 in Shields
 26322 | Lair:1   | Offered knowledge of Bolt of Magma by Vehumet.
 26468 | Lair:1   | Noticed Grum
 26471 | Lair:1   | Killed Grum
 26482 | Lair:1   | Got a pair of translucent gloves
 26493 | Lair:1   | Identified the +0 pair of gloves "Wuogogon" {Str+7 Int+4} (You acquired it on level 1 of the Lair of Beasts)
 27229 | D:11     | Reached XP level 14. HP: 79/93 MP: 21/30
 27403 | D:11     | Reached skill level 7 in Dodging
 27673 | D:12     | Noticed Rupert
 27673 | D:12     | Paralysed by Rupert for 4 turns
 27695 | D:12     | Killed Rupert
 27839 | D:12     | Noticed Harold
 27842 | D:12     | Killed Harold
 27842 | D:12     | Reached skill level 1 in Evocations
 27983 | D:12     | Reached skill level 2 in Evocations
 28111 | D:12     | Found a staircase to the Orcish Mines.
 28199 | D:12     | Reached skill level 3 in Evocations
 28298 | D:12     | Reached skill level 4 in Evocations
 28594 | D:12     | Offered knowledge of Orb of Destruction by Vehumet.
 28727 | D:12     | Learned a level 7 spell: Orb of Destruction
 28991 | D:13     | Found Cyptu's Changing Room.
 29039 | D:13     | Bought 2 potions of mutation for 65 gold pieces
 29040 | D:13     | Gained mutation: Your tail ends in a poisonous barb. [potion of mutation]
 29097 | D:13     | Reached skill level 5 in Evocations
 29224 | D:13     | Noticed Kirke
 29241 | D:13     | Killed Kirke
 29483 | D:13     | Noticed Maud
 29508 | D:13     | Reached skill level 6 in Evocations
 29932 | D:13     | Killed Maud
 29932 | D:13     | Reached skill level 7 in Evocations
 30057 | D:14     | Noticed Urug
 30133 | D:13     | Killed Urug
 30133 | D:13     | Reached skill level 8 in Evocations
 30280 | D:13     | Reached skill level 1 in Staves
 30349 | D:13     | Reached skill level 2 in Staves
 30874 | D:14     | Reached skill level 3 in Staves
 31101 | D:14     | Reached skill level 4 in Staves
 31275 | D:14     | Reached skill level 5 in Staves
 31322 | D:14     | Reached skill level 6 in Staves
 31339 | D:14     | HP: 35/93 [vault guard/long sword (14)]
 31632 | D:14     | Found a gate to the Vaults.
 31716 | D:14     | Reached skill level 7 in Staves
 32051 | D:14     | Reached XP level 15. HP: 84/99 MP: 28/31
 32217 | D:14     | Reached skill level 13 in Ice Magic
 32223 | D:14     | Reached skill level 13 in Conjurations
 32224 | D:14     | Noticed a tengu reaver
 32240 | D:14     | Killed a tengu reaver
 33038 | D:15     | Entered Level 15 of the Dungeon
 34223 | D:15     | Offered knowledge of Spellforged Servitor by Vehumet.
 34267 | D:15     | Learned a level 7 spell: Spellforged Servitor
 34499 | D:15     | Found a staircase to the Depths.
 34597 | D:14     | Reached skill level 3 in Summonings
 34839 | Orc:1    | Entered Level 1 of the Orcish Mines
 34851 | Orc:1    | Reached skill level 4 in Summonings
 35113 | Orc:1    | HP: 33/99 [stone giant (24)]
 35700 | Orc:1    | Noticed an orc warlord
 35761 | Orc:1    | Killed an orc warlord
 35761 | Orc:1    | Reached skill level 5 in Summonings
 36124 | Orc:1    | Got an ancient tin ring
 36129 | Orc:1    | Identified the ring "Neavuh" {SustAt rC+ Dex+2} (You found it on level 1 of the Orcish Mines)
 36141 | Orc:1    | Reached skill level 6 in Summonings
 36214 | Orc:1    | Found a roughly hewn altar of Beogh.
 36715 | Orc:2    | Entered Level 2 of the Orcish Mines
 36866 | Orc:2    | Noticed an orc warlord
 36872 | Orc:2    | Killed an orc warlord
 36885 | Orc:2    | Found a staircase to the Elven Halls.
 37008 | Orc:2    | Reached skill level 7 in Summonings
 37135 | Orc:2    | Found Qoweten's Food Shoppe.
 37143 | Orc:2    | You are cast into the Abyss!
 37143 | Orc:2    | Cast into level 2 of the Abyss (an ogre mage)
 37216 | Abyss:2  | Noticed a tentacled starspawn
 37252 | Abyss:2  | Killed a tentacled starspawn
 37256 | Abyss:2  | Offered knowledge of Freezing Cloud by Vehumet.
 37656 | Abyss:2  | Reached skill level 13 in Spellcasting
 37789 | Abyss:2  | Learned a level 6 spell: Freezing Cloud
 37901 | Abyss:2  | Reached skill level 2 in Stealth
 38144 | Abyss:2  | Reached skill level 3 in Stealth
 38147 | Abyss:2  | HP: 38/99 [freezing wraith (7)]
 38157 | Abyss:2  | HP: 36/99 [raiju (8)]
 38196 | Abyss:2  | Reached XP level 16. HP: 87/105 MP: 7/33
 38320 | Abyss:2  | Found a corrupted altar of Lugonu.
 38394 | Abyss:2  | Found a sacrificial altar of Ru.
 38513 | Abyss:2  | Reached skill level 4 in Stealth
 38678 | Abyss:2  | Noticed a bone dragon
 38692 | Abyss:2  | HP: 37/105 [bone dragon (11)]
 38698 | Abyss:2  | HP: 22/105 [bone dragon (16)]
 39015 | Orc:2    | You pass through the gate.
 39015 | Orc:2    | Escaped the Abyss
 39026 | Orc:2    | Reached skill level 5 in Stealth
 39163 | Orc:2    | Found Huegodgh's Assorted Antiques.
 39164 | Orc:2    | Found Roiny's Jewellery Boutique.
 39164 | Orc:2    | Found Ykkirphya's Antique Weapon Emporium.
 39190 | Orc:2    | Bought an uncursed ring of magical power for 260 gold pieces
 39194 | Orc:2    | Bought a scroll of identify for 62 gold pieces
 39194 | Orc:2    | Bought a scroll of identify for 62 gold pieces
 39194 | Orc:2    | Bought a granite ring for 155 gold pieces
 39422 | Orc:2    | Noticed Snorg
 39430 | Orc:2    | Killed Snorg
 39430 | Orc:2    | Reached skill level 6 in Stealth
 40307 | Hell     | Entered the Vestibule of Hell
 40307 | Hell     | Noticed Geryon
 40505 | Spider:1 | Entered Level 1 of the Spider Nest
 40638 | Spider:1 | Offered knowledge of Conjure Ball Lightning by Vehumet.
 40638 | Spider:1 | Reached skill level 14 in Conjurations
 40684 | Spider:1 | Reached skill level 14 in Ice Magic
 40873 | Spider:1 | Noticed Azrael
 40877 | Spider:1 | Killed Azrael
 40929 | Spider:1 | HP: 42/105 [poisoned by a wolf spider]
 40934 | Spider:1 | HP: 38/105 [poisoned by a wolf spider]
 40939 | Spider:1 | HP: 35/105 [poisoned by a wolf spider]
 40945 | Spider:1 | HP: 34/105 [poisoned by a wolf spider]
 40951 | Spider:1 | HP: 34/105 [poisoned by a wolf spider]
 40959 | Spider:1 | HP: 34/105 [poisoned by a wolf spider]
 41406 | Spider:1 | Noticed Aizul
 41426 | Spider:1 | Killed Aizul
 41434 | Spider:1 | HP: 41/105 [poisoned by a redback]
 41469 | Spider:1 | Laraso: %??
 41469 | Spider:1 | Laraso: ??
 41715 | Spider:1 | Laraso: !beem subscribe @Zephanos
 41715 | Spider:1 | beem: Usage: beem subscribe
 41743 | Spider:1 | Zephanos: !beem subscribe @Zephanos
 41743 | Spider:1 | beem: Usage: beem subscribe
 41979 | Spider:1 | Zephanos: !beem subscribe Zephanos
 41979 | Spider:1 | beem: Usage: beem subscribe
 42023 | Spider:1 | Zephanos: !beem subscribe
 42027 | Spider:1 | beem: Subscribed. I will now watch all games of user Zephanos
 42190 | Spider:2 | Zephanos: %?? orb of destruction
 42190 | Spider:2 | beem: orb of destruction (*)
                  | Spd:
    30 | HD: 5    | HP: 4083-5777
                  | AC/EV: 0/10
                  | non-living, fly, unbreathing
                  | Res: magic(immune), fire+++, damnation, cold+++, elec+++, poison+++, acid+++, drown, rot+++, neg+++, torm, napalm
                  | XP:
     0 | Sz: little | 
 42214 | Spider:2 | Noticed Arachne
 42236 | Spider:2 | HP: 42/105 [demonic crawler (6)]
 42242 | Spider:2 | HP: 40/105 [poisoned by Arachne (poison arrow)]
 42248 | Spider:2 | HP: 29/105 [poisoned by Arachne (poison arrow)]
 42256 | Spider:2 | HP: 29/105 [poisoned by Arachne (poison arrow)]
 42257 | Spider:2 | Killed Arachne
 42563 | Spider:2 | Zephanos: %?? entropy weaver
 42563 | Spider:2 | beem: entropy weaver (p)
                  | Spd:
    10 | HD: 13   | HP: 58-84
                  | AC/EV: 7/13
                  | Dam: 17, 17, 17, 17
                  | doors, fighter, spellcaster
                  | Res: magic(60)
                  | XP: 1007
                  | Sp: entropic weave
                  | Sz: Medium
                  | Int: human.
 42572 | Spider:2 | Laraso: %??spellforged servitor
 42572 | Spider:2 | beem: spellforged servitor (8)
                  | Spd:
    10 | HD: 8    | HP: 69-92
                  | AC/EV: 10/10
                  | non-living, fly, unbreathing
                  | Res: magic(immune), fire++, cold++, elec, poison+++, drown, rot+++, neg+++, torm
                  | XP:
     0 | Sz: Medium | Int: brainless.
 42579 | Spider:2 | HP: 38/105 [something (12)]
 42592 | Spider:1 | HP: 34/105 [wolf spider (12)]
 42649 | Spider:1 | HP: 41/105 [wolf spider (8)]
 42709 | Spider:1 | Offered knowledge of Ozocubu's Refrigeration by Vehumet.
 42710 | Spider:1 | Laraso: ??ocozubu's refrigeration
 42710 | Spider:1 | beem: I don't have a page labeled ocozubu's_refrigeration in my learndb.
 42710 | Spider:1 | Laraso: ??ozocubu's refrigeration
 42710 | Spider:1 | beem: ozocubu's refrigeration[1/3]: A fun and powerful L6 Ice spell that hits everything in LOS (including invisible/submerged things. and YOU, so have cold res) with AC-bypassing cold damage. 50% chance to slow cold-blooded monsters. In 0.15+, it prevents potion quaffing for 7-15 turns. Works nicely in many places, e.g. Slime, Snake, Elf, Zig.
 42710 | Spider:1 | Zephanos: ?? entropic weave
 42711 | Spider:1 | beem: entropic weave[1/1]: Smite-targetted corrosion
 42892 | Spider:2 | Zephanos: ?? napalm
 42893 | Spider:2 | beem: sticky flame[1/6]: A level 4 fire/conjurations spell. Causes constant fire damage (2d4 - 1 per turn) to an adjacent target. When your character is covered in sticky flame, it shows as "Fire" on your HUD.
 43212 | Spider:2 | Reached skill level 15 in Conjurations
 43224 | Spider:2 | HP: 42/105 [poisoned by a wolf spider]
 43230 | Spider:2 | HP: 34/105 [poisoned by a wolf spider]
 43235 | Spider:2 | HP: 33/105 [poisoned by a wolf spider]
 43242 | Spider:2 | HP: 33/105 [poisoned by a wolf spider]
 43250 | Spider:2 | HP: 33/105 [poisoned by a wolf spider]
 43535 | Spider:2 | Reached skill level 15 in Ice Magic
 43983 | Spider:3 | Laraso: ??rock wall
 43983 | Spider:3 | beem: rock wall[1/1]: The basic fabric of ordinary dungeon levels (Pan's weird stuff is functionally identical, too). Unlike other kinds of wall, it can be removed by wand of digging, wand of disintegration, Summon Elemental, stone of tremors, boring beetles, Dissolution, IOOD and bolts of energy. LRD, Shatter and Corruption also destroy them easily.
 43983 | Spider:3 | Laraso: ??stone wall
 43983 | Spider:3 | beem: stone wall[1/1]: Tougher than rock wall. Lee's Rapid Deconstruction, Corruption, and Shatter can destroy it; or just teleport around.
 43983 | Spider:3 | Laraso: ??green crystal wall
 43983 | Spider:3 | beem: green crystal wall[1/2]: Reflects cold and flame the way lightning bounces off ordinary walls. Immune to digging and disint, but extremely easy to {LRD}. Appears very rarely naturally outside of abyss, and then constitute large parts of the level; most obtrusive uses of it signify a vault.
 43983 | Spider:3 | Laraso: ??metal wall
 43983 | Spider:3 | beem: metal wall[1/1]: A wall of metal, presumably conductive, and immune to most magical effects. It absorbs lightning (including Shock), and is extremely hard to destroy with Lee's Rapid Deconstruction.
 43983 | Spider:3 | Laraso: ??translucent wall
 43983 | Spider:3 | beem: I don't have a page labeled translucent_wall in my learndb.
 44284 | Spider:3 | Noticed splatman's ghost (adept DsWz)
 44295 | Spider:3 | Killed splatman's ghost
 44327 | Spider:3 | Zephanos: %?? jumping spider
 44328 | Spider:3 | beem: jumping spider (s)
                  | Spd:
    15 | HD: 8    | HP: 26-39
                  | AC/EV: 6/12
                  | Dam: 20(ensnare), 8
                  | web sense
                  | Res: magic(20)
                  | Vul: poison
                  | Chunks: noxious
                  | XP: 301
                  | Sp: blink close [!AM, !sil], blink away [!AM, !sil]
                  | Sz: small
                  | Int: animal.
 44351 | Spider:3 | Reached XP level 17. HP: 66/111 MP: 5/34
 44685 | Spider:3 | Zephanos: ?? steam
 44686 | Spider:3 | beem: steam[1/1]: Does 3-16 damage and (more importantly) obscures LOS. Used by smoke demons, steam dragons and pale draconians, and caused by fire attacks passing over water. Damage is completely negated by rF+, steam dragon armours, or being a pale draconian.
 44753 | Spider:3 | Zephanos: ?? smoke
 44754 | Spider:3 | beem: smoke[1/2]: Two tiles of smoke on the same line will block LOS mutually (like trees). Certain kinds of smoke (like black smoke) spread to adjacent tiles, others just stay put.
 45537 | Lair:2   | Zephanos: ?? door
 45537 | Lair:2   | beem: door[1/2]: A thing you can close to break LOS/stop unintelligent monsters from getting past. Doors: Not just for opening!
 45829 | Spider:3 | Zephanos: %?? killer bee
 45830 | Spider:3 | beem: killer bee (y)
                  | Spd:
    20 | HD: 3    | HP: 13-19
                  | AC/EV: 2/18
                  | Dam: 10(poison:6-12)
                  | fly
                  | Res: magic(10)
                  | Vul: poison
                  | Chunks: noxious
                  | XP:
    62 | Sz: tiny | Int: animal.
 46120 | Spider:4 | Entered Level 4 of the Spider Nest
 46171 | Spider:3 | HP: 34/111 [wolf spider (13)]
 46966 | Spider:4 | Reached skill level 14 in Spellcasting
 47614 | Spider:4 | HP: 41/111 [something (9)]
 47643 | Spider:4 | HP: 40/111 [something (9)]
 47656 | Spider:4 | HP: 44/111 [redback (7)]
 47661 | Spider:4 | HP: 44/111 [poisoned by a redback]
 47666 | Spider:4 | HP: 36/111 [poisoned by a redback]
 47671 | Spider:4 | HP: 30/111 [poisoned by a redback]
 47676 | Spider:4 | HP: 28/111 [poisoned by a redback]
 47681 | Spider:4 | HP: 30/111 [poisoned by a redback]
 47687 | Spider:4 | HP: 35/111 [poisoned by a redback]
 47695 | Spider:4 | HP: 43/111 [poisoned by a redback]
 47797 | Spider:4 | HP: 40/111 [something (6)]
 47802 | Spider:4 | HP: 38/111 [poisoned by a ghost moth]
 47807 | Spider:4 | HP: 29/111 [poisoned by a ghost moth]
 47812 | Spider:3 | HP: 24/111 [poisoned by a ghost moth]
 47817 | Spider:3 | HP: 25/111 [poisoned by a ghost moth]
 47823 | Spider:3 | HP: 28/111 [poisoned by a ghost moth]
 47830 | Spider:3 | HP: 27/111 [poisoned by a ghost moth]
 47837 | Spider:3 | HP: 27/111 [poisoned by a ghost moth]
 47845 | Spider:3 | HP: 27/111 [poisoned by a ghost moth]
 47888 | Spider:3 | HP: 27/111 [meliai/war axe (12)]
 48220 | Spider:3 | Laraso: %??ghost moth
 48220 | Spider:3 | beem: ghost moth (y)
                  | Spd:
    12 | HD: 13   | HP: 63-85
                  | AC/EV: 8/10
                  | Dam: 18(drain stat), 18(drain stat), 12(strong poison:47-84)
                  | fly
                  | Res: magic(100), cold, poison
                  | Chunks: mutagenic
                  | XP: 1695
                  | Sp: draining gaze [!sil]
                  | Sz: Large
                  | Int: animal.
 48358 | Spider:4 | HP: 37/111 [disintegration (44)]
 48517 | Spider:4 | HP: 38/111 [poisoned by a ghost moth]
 48521 | Spider:4 | HP: 17/111 [poisoned by a ghost moth]
 48522 | Spider:4 | HP: 2/111 [something (8)]
 48523 | Spider:4 | Succumbed to a ghost moth's poison

Vault maps used:
D:1:      kennysheep_arrival_seaside, serial_forest, infiniplex_forest_end_2,
          infiniplex_forest_straight_2, infiniplex_forest_lined_2,
          infiniplex_forest_clump_large, infiniplex_forest_diagonal
D:2:      marbit_many_paths, uniq_sigmund
D:3:      minmay_diamond_boxcup, nicolae_overflow_crystal_walls,
          lemuel_crystal_altar, nicolae_overflow_hidden_temple, first_bread,
          minmay_misc_feat_room, tgw_kikubaaqudgha, uniq_robin
D:5:      gup_ossuary_entry_pyramid, minmay_tree_intersection,
          minmay_misc_feat_more_columns, makhleb_altar_promises_db,
          uniq_menkaure
D:6:      fedhas_altar_2, gup_sewer_entry_spiral
D:7:      uniq_prince_ribbit1
D:8:      zin_scriptorium, tgw_trog, minmay_lair_entry_grove, serial_shops,
          nicolae_shop_stone
D:9:      grunt_ogre_cave, grunt_dithmenos_shadows
D:10:     library_closet, kennysheep_cross_bottleneck
D:12:     david_orc_4, uniq_harold, uniq_rupert
D:13:     nicolae_transmutations_shop, uniq_maud, uniq_kirke
D:14:     regret_index_bee_streams, lightli_vaults_fourway_checkpoint,
          kennysheep_minor_cross, kennysheep_generic_room_8, uniq_urug
D:15:     hangedman_depths_entry_civil_slaughter, serial_bayou_lagoon_a
Lair:1:   minivault_26, uniq_grum
Lair:2:   shoals_dummy_entry, nicolae_spider_entry_non_spiders,
          serial_bayou_lagoon_b
Lair:3:   serial_forest, infiniplex_forest_straight_4,
          infiniplex_forest_clump_long, infiniplex_forest_lined_2,
          infiniplex_forest_straight_2, infiniplex_forest_pool
Lair:4:   lemuel_another_geyser, serial_bayou_shore_b, lemuel_fruit_fields
Lair:5:   slime_altar_1, st_stairs_9
Lair:6:   evil_forest
Spider:1: uniq_azrael, uniq_aizul
Spider:2: uniq_arachne
Spider:3: nicolae_looking_at_the_future
Spider:4: spider_rune_water, nicolae_spider_webs_and_nodes, spider_trap
Orc:1:    orc_temple
Orc:2:    st_orc_ogre_mass, uniq_snorg
Abyss:2:  guppyfry_abyss_exit_glass_guarded

Skill      XL: |  1  2  3  4  5  6  7  8  9 10 11 12 13 14 15 16 17 |
---------------+----------------------------------------------------+-----
Conjurations   | 2 3 4 5 7 8 10 12 13 15 | 15.4
Spellcasting   | 3 4 8 11 12 13 14 | 14.9
Ice Magic      | 4 5 7 8 10 12 13 15 | 15.4
Charms         | 1 2 |  2.1
Summonings     | 2 7 |  7.9
Dodging        | 2 6 7 |  7.6
Shields        | 4 |  4.5
Evocations     | 8 |  8.0
Staves         | 7 |  7.0
Stealth        | 3 6 |  6.1

Action                   |  1- 3 |  4- 6 |  7- 9 | 10-12 | 13-15 | 16-18 || total
-------------------------+-------+-------+-------+-------+-------+-------++-------
Melee: Unarmed           |    18 |       |       |       |       |       ||    18
       Whip              |    45 |    64 |    44 |       |       |       ||   153
       Tailslap          |     6 |     3 |     8 |    31 |    45 |    42 ||   135
       Staff             |       |       |    23 |   209 |   291 |   294 ||   817
 Cast: Freeze            |    21 |    75 |   101 |    84 |    25 |       ||   306
       Throw Frost       |     6 |    41 |    60 |    96 |    39 |       ||   242
       Throw Icicle      |       |     1 |    33 |   227 |   424 |   281 ||   966
       Ozocubu's Armour  |       |     1 |     6 |    26 |    29 |    28 ||    90
       Summon Ice Beast  |       |       |     1 |    43 |    32 |       ||    76
       Summon Butterflie |       |       |       |     8 |     5 |     2 ||    15
       Mephitic Cloud    |       |       |       |     3 |     7 |     4 ||    14
       Bolt of Cold      |       |       |       |     5 |   115 |    30 ||   150
       Regeneration      |       |       |       |     1 |    13 |    29 ||    43
       Spellforged Servi |       |       |       |       |     9 |    19 ||    28
       Orb of Destructio |       |       |       |       |     5 |     8 ||    13
       Freezing Cloud    |       |       |       |       |       |    30 ||    30
 Abil: Breathe Sticky Fl |       |       |    20 |    24 |    11 |       ||    55
Evoke: Wand              |       |       |       |       |       |     9 ||     9
       Fan of gales      |       |       |       |       |       |     1 ||     1
  Use: Scroll            |     8 |     3 |     6 |    14 |    17 |    10 ||    58
       Potion            |     1 |     2 |       |     2 |    10 |    14 ||    29
 Stab: Sleeping          |     1 |       |       |       |     1 |       ||     2
       Confused          |       |       |       |     1 |     1 |     1 ||     3
       Distracted        |       |       |       |       |       |     3 ||     3
  Eat: Chunk             |     1 |    12 |    17 |    47 |    49 |    14 ||   140
       Bread ration      |     1 |       |     1 |       |     2 |     4 ||     8
       Royal jelly       |       |       |     1 |       |     3 |     5 ||     9
       Meat ration       |       |       |     1 |     1 |     5 |     2 ||     9
       Beef jerky        |       |       |       |     8 |     1 |     1 ||    10
       Pizza             |       |       |       |     3 |       |       ||     3
       Fruit             |       |       |       |       |     3 |     2 ||     5
Armor: Skin              |    18 |    52 |   123 |   238 |   207 |   345 ||   983
Dodge: Dodged            |    48 |    71 |   165 |   347 |   300 |   370 ||  1301
Block: Buckler           |       |       |       |       |   118 |   168 ||   286

Table legend:
 A = Kills in this place as a percentage of kills in entire the game.
 B = Kills by you in this place as a percentage of kills by you in the entire game.
 C = Kills by friends in this place as a percentage of kills by friends in the entire game.
 D = Other kills in this place as a percentage of other kills in the entire game.
 E = Experience gained in this place as a percentage of experience gained in the entire game.
 F = Experience gained in this place divided by the number of levels of this place that you have seen.
                   A       B       C       D       E      F
               +-------+-------+-------+-------+-------+----------------------
         Total | 100.0 | 100.0 | 100.0 | 100.0 | 100.0 | 8782.8
       Dungeon |  41.1 |  45.3 |  18.6 |  50.0 |  29.9 | 5085.1
          Lair |  21.9 |  21.3 |  25.3 |   0.0 |  21.8 | 9251.2
   Spider Nest |  22.1 |  21.8 |  23.7 |  50.0 |  34.8 | 22157.0
  Orcish Mines |  10.5 |   7.8 |  24.7 |   0.0 |   8.2 | 10500.5
         Abyss |   4.4 |   3.8 |   7.7 |   0.0 |   5.2 | 13288.0
               +-------+-------+-------+-------+-------+----------------------

Table legend:
 A = Turns spent in this place as a percentage of turns spent in the entire game.
 B = Non-inter-level travel turns spent in this place as a percentage of non-inter-level travel turns spent in the entire game.
 C = Inter-level travel turns spent in this place as a percentage of turns spent in this place.
 D = Turns resting spent in this place as a percentage of non-inter-level travel turns spent in this place.
 E = Turns spent auto-exploring this place as a percentage of non-inter-level travel turns spent in this place.
 F = Non-inter-level travel turns spent in this place divided by the number of levels of this place that you've seen.
                   A       B       C       D       E      F
               +-------+-------+-------+-------+-------+----------------------
         Total | 100.0 | 100.0 |   0.6 |   9.7 |   4.8 | 576.1
       Dungeon |  44.5 |  44.5 |   0.7 |   9.6 |   6.4 | 495.4
          Lair |  22.2 |  22.1 |   1.0 |  10.7 |   5.3 | 615.5
   Spider Nest |  19.0 |  19.1 |   0.2 |  10.4 |   2.5 | 797.2
  Orcish Mines |   6.8 |   6.8 |   0.4 |   7.3 |   4.6 | 569.5
          Hell |   0.0 |   0.0 |   0.0 |   0.0 |   0.0 |   1.0
         Abyss |   7.5 |   7.5 |   0.0 |   7.5 |   0.0 | 1254.0
               +-------+-------+-------+-------+-------+----------------------

Vault maps used:
D:1:      kennysheep_arrival_seaside, serial_forest, infiniplex_forest_end_2,
          infiniplex_forest_straight_2, infiniplex_forest_lined_2,
          infiniplex_forest_clump_large, infiniplex_forest_diagonal
D:2:      marbit_many_paths, uniq_sigmund
D:3:      minmay_diamond_boxcup, nicolae_overflow_crystal_walls,
          lemuel_crystal_altar, nicolae_overflow_hidden_temple, first_bread,
          minmay_misc_feat_room, tgw_kikubaaqudgha, uniq_robin
D:5:      gup_ossuary_entry_pyramid, minmay_tree_intersection,
          minmay_misc_feat_more_columns, makhleb_altar_promises_db,
          uniq_menkaure
D:6:      fedhas_altar_2, gup_sewer_entry_spiral
D:7:      uniq_prince_ribbit1
D:8:      zin_scriptorium, tgw_trog, minmay_lair_entry_grove, serial_shops,
          nicolae_shop_stone
D:9:      grunt_ogre_cave, grunt_dithmenos_shadows
D:10:     library_closet, kennysheep_cross_bottleneck
D:12:     david_orc_4, uniq_harold, uniq_rupert
D:13:     nicolae_transmutations_shop, uniq_maud, uniq_kirke
D:14:     regret_index_bee_streams, lightli_vaults_fourway_checkpoint,
          kennysheep_minor_cross, kennysheep_generic_room_8, uniq_urug
D:15:     hangedman_depths_entry_civil_slaughter, serial_bayou_lagoon_a
Lair:1:   minivault_26, uniq_grum
Lair:2:   shoals_dummy_entry, nicolae_spider_entry_non_spiders,
          serial_bayou_lagoon_b
Lair:3:   serial_forest, infiniplex_forest_straight_4,
          infiniplex_forest_clump_long, infiniplex_forest_lined_2,
          infiniplex_forest_straight_2, infiniplex_forest_pool
Lair:4:   lemuel_another_geyser, serial_bayou_shore_b, lemuel_fruit_fields
Lair:5:   slime_altar_1, st_stairs_9
Lair:6:   evil_forest
Spider:1: uniq_azrael, uniq_aizul
Spider:2: uniq_arachne
Spider:3: nicolae_looking_at_the_future
Spider:4: spider_rune_water, nicolae_spider_webs_and_nodes, spider_trap
Orc:1:    orc_temple
Orc:2:    st_orc_ogre_mass, uniq_snorg
Abyss:2:  guppyfry_abyss_exit_glass_guarded
